 Dungeon Crawl Stone Soup version 0.17-a0-963-gaa5423c (webtiles) character file.

387 Woebin the Shield-Bearer (level 6, -3/60 HPs)
             Began as a Minotaur Fighter on May 8, 2015.
             Slain by an ogre
             ... wielding a +0 giant spiked club
              (18 damage)
             ... on level 4 of the Dungeon.
             The game lasted 00:09:01 (2550 turns).

Woebin the Shield-Bearer (Minotaur Fighter)         Turns: 2550, Time: 00:09:01

Health: -3/60      AC:  7    Str: 26    XL:     6   Next: 49%
Magic:  5/5        EV:  9    Int:  5    God:
Gold:   103        SH: 10    Dex:  9    Spells: 0 memorised, 5 levels left

rFire  + . .     SeeInvis .     a - +0 flail
rCold  . . .     Clarity  .     t - +0 scale mail
rNeg   . . .     SustAb   .     c - +0 shield
rPois  .         Gourm    .     (helmet restricted)
rElec  .         Spirit   .     (no cloak)
rCorr  .         Warding  .     (no gloves)
rMut   .         Stasis   .     (no boots)
MR     .....                    (no amulet)
Stlth  ..........               (no ring)
                                s - ring of protection from fire

@: mighty, flying, not resistant to hostile enchantments, extremely unstealthy
A: retaliatory headbutt, horns 2, robust 1, weak 1, wild magic 1
a: no special abilities


You were on level 4 of the Dungeon.
You were not hungry.

You visited 1 branch of the dungeon, and saw 4 of its levels.

You collected 103 gold pieces.

Inventory:

Hand weapons
 a - a +0 flail (weapon)
 b - a +0 hunting sling of flaming
 z - a +0 blowgun
Missiles
 f - 134 stones
 m - 29 sling bullets
 n - 6 javelins (quivered)
 w - 11 poisoned needles
Armour
 c - a +0 shield (worn)
 t - a +0 scale mail (worn)
Jewellery
 s - a ring of protection from fire (left hand)
Scrolls
 g - 5 scrolls of identify
 h - a scroll of enchant armour {unknown}
 k - a scroll of random uselessness {unknown}
 l - a scroll of noise {unknown}
 p - 2 scrolls of remove curse
 q - 2 scrolls of teleportation {unknown}
 r - a scroll of immolation {unknown}
 u - a scroll of blinking {unknown}
 y - a scroll of fog {unknown}
 B - a scroll of fear {unknown}
Potions
 d - a potion of might
 x - a potion of mutation
Comestibles
 e - 3 bread rations
 o - 2 meat rations
 v - 2 beef jerkies
 A - a chunk of flesh


   Skills:
 + Level 4.8 Fighting
 + Level 3.9 Maces & Flails
 + Level 5.4 Armour
 + Level 2.1 Dodging
 + Level 0.6 Stealth
 + Level 5.6 Shields


You had 5 spell levels left.
You didn't know any spells.

Dungeon Overview and Level Annotations

Branches:
Dungeon (4/15)
 Temple: D:4-7

Altars:
Ashenzari
Gozag
Nemelex Xobeh
Sif Muna
Vehumet


Innate Abilities, Weirdness & Mutations

You reflexively headbutt those who attack you in melee.
You have a pair of horns on your head.
You are robust (+10% HP).
You are weak. (Str -2)
Your spells are a little harder to cast, but a little more powerful.


Message History

You hit ololoev's ghost.
You destroy ololoev's ghost!
Your Armour skill increases to level 5!
You have reached level 6!
Your experience leads to an increase in your attributes!
Your base attributes are Str 22, Int 5, Dex 9.
Increase (S)trength, (I)ntelligence, or (D)exterity?
You feel stronger. You block Menkaure's attack.
You hit Menkaure. You headbutt Menkaure!
Menkaure is severely damaged.
Menkaure barely misses you.
You sock Menkaure!
You destroy Menkaure!
Your Dodging skill increases to level 2!
You block the ogre's attack.
You barely miss the ogre. You headbutt the ogre.
The ogre is heavily wounded.
The ogre hits you with a giant spiked club!!
You die...

##### .... ..... .M..
##. #..# # ###..
##..#.#.# ##....
...#.#(####..... #
#.##(......#.#..
##.###.#.....#..#.##.
#(..@O........#......
#...###.........##.##.
#.. #<.......# #.#.#
... ...#........#
...##
#...............####.#
#
........#>....†.†....#
.
....###.#.#.#.########
<.. #.#.#.#.)...>...
.. #.....##########


You could see an ogre.

Vanquished Creatures
  Menkaure (D:4)
  A giant frog (D:3)
  The ghost of ololoev the Chucker, a weakling OgHu (D:4)
  A hound (D:4)
  Robin (D:4)
  4 adders
  An ooze (D:2)
  3 worms
  4 giant geckos
  A ball python (D:3)
  3 bats
  5 giant cockroaches
  13 goblins
  8 hobgoblins
  2 jackals (D:2)
  6 giant newts
  6 kobolds
  8 rats
69 creatures vanquished.

Notes
Turn   | Place    | Note
--------------------------------------------------------------
     0 | D:1      | Woebin, the Minotaur Fighter, began the quest for the Orb.
     0 | D:1      | Reached XP level 1. HP: 19/19 MP: 0/0
    68 | D:1      | Reached XP level 2. HP: 24/27 MP: 1/1
   391 | D:1      | Reached skill level 4 in Fighting
   979 | D:2      | Reached XP level 3. HP: 28/33 MP: 2/2
  1068 | D:2      | Found a radiant altar of Vehumet.
  1068 | D:2      | Found a deep blue altar of Sif Muna.
  1072 | D:2      | Found an opulent altar of Gozag.
  1072 | D:2      | Found a shattered altar of Ashenzari.
  1072 | D:2      | Found a sparkling altar of Nemelex Xobeh.
  1467 | D:3      | Noticed a giant frog
  1477 | D:3      | Killed a giant frog
  1477 | D:3      | Reached XP level 4. HP: 33/41 MP: 3/3
  1800 | D:3      | Reached XP level 5. HP: 43/47 MP: 4/4
  2231 | D:4      | Reached skill level 1 in Dodging
  2262 | D:4      | Reached skill level 5 in Shields
  2474 | D:4      | Noticed Robin
  2490 | D:4      | Killed Robin
  2530 | D:4      | Noticed an ogre
  2531 | D:4      | Noticed ololoev's ghost (weakling OgHu)
  2536 | D:4      | Noticed Menkaure
  2542 | D:4      | Gained mutation: You are robust (+10% HP). [potion of mutation]
  2542 | D:4      | Gained mutation: You are weak. (Str -2) [potion of mutation]
  2542 | D:4      | Gained mutation: Your spells are a little harder to cast, but a little more powerful. [potion of mutation]
  2543 | D:4      | HP: 2/51 [ololoev's ghost (3)]
  2547 | D:4      | Killed ololoev's ghost
  2547 | D:4      | Reached skill level 5 in Armour
  2547 | D:4      | Reached XP level 6. HP: 14/60 MP: 5/5
  2549 | D:4      | Killed Menkaure
  2550 | D:4      | Slain by an ogre

Action                   |  1- 3 |  4- 6 || total
-------------------------+-------+-------++-------
Melee: Flail             |   107 |    78 ||   185
 Fire: Hunting sling     |       |     4 ||     4
       Blowgun           |       |     3 ||     3
Throw: Stone             |     7 |       ||     7
       Javelin           |     1 |    10 ||    11
  Use: Potion            |       |     4 ||     4
       Scroll            |       |     2 ||     2
  Eat: Chunk             |     1 |     4 ||     5
